AoeStats
← PiroTrix

Arena

509125110Analyzed
1v1 RM · 7d ago on Sep 25, 2026· 44m 59s· 2 players
Game mode
Random Map
Map size
Tiny (2 player)
Population
200
Speed
Normal
Resources
Standard
Victory
Conquest
Starting age
Dark Age
Ending age
Imperial Age
RankedLock teamsTeams togetherTeam positionsShared explorationLock speedFull tech treeHidden civsTurbo modeCheats
Victory
Defeat
🇮🇹 Tatars · Italy
761
+16
🇨🇱 Franks · Chile
754
-30
PiroTrix
10:58 Feudal Age
11:37 Double-Bit Axe
19:10 Castle Age
20:28 Bow Saw
20:46 Husbandry
20:54 Scale Barding Armor
23:18 Gold Mining
23:24 Stone Mining
24:13 Elite Skirmisher
26:35 Town Watch
29:00 Wheelbarrow
28:34 Padded Archer Armor
31:28 Hand Cart
31:20 Town Patrol
32:12 Gold Shaft Mining
34:54 Forging
35:01 Leather Archer Armor
34:37 Fletching
37:23 Imperial Age
40:39 Loom
42:14 Ballistics
41:56 Bodkin Arrow
43:53 Chain Barding Armor
44:08 Iron Casting
ilLobotomo
12:11 Feudal Age
13:39 Horse Collar
13:45 Double-Bit Axe
16:48 Castle Age
16:50 Wheelbarrow
17:52 Heavy Plow
18:04 Bow Saw
20:43 Hand Cart
21:13 Loom
21:53 Stone Mining
21:56 Gold Mining
22:14 Town Watch
25:57 Gold Shaft Mining
26:58 Town Patrol
28:28 Treadmill Crane
29:11 Ballistics
31:23 Imperial Age
29:59 Fletching
30:12 Padded Archer Armor
32:15 Siege Engineers
33:11 Chemistry
33:29 Conscription
33:26 Timurid Siegecraft
33:18 Silk Armor
33:36 Heavy Cavalry Archer
34:18 Bodkin Arrow
34:38 Leather Archer Armor
34:36 Forging
34:32 Scale Barding Armor
34:42 Bloodlines
34:33 Husbandry
33:54 Light Cavalry
35:35 Hussar
37:45 Heavy Camel Rider
42:14 Bracer
42:51 Iron Casting
42:37 Chain Barding Armor
Connection lost

Rejoining the realm…

Still unreachable

The connection could not be restored.

Session expired

The server has moved on; the page needs a fresh start.